 Dungeon Crawl Stone Soup version 0.17.1-2-g5865329 (webtiles) character file.

395 DishwasherDemon the Slicer (level 7, 0/42 HPs)
             Began as a Kobold Berserker on Jan 21, 2016.
             Was a Believer of Trog.
             Slain by an orc wizard
             ... wielding a +0 dagger
              (3 damage)
             ... on level 3 of the Dungeon.
             The game lasted 00:07:37 (3128 turns).

DishwasherDemon the Slicer (Kobold Berserker)       Turns: 3128, Time: 00:07:39

Health: 0/42       AC:  5    Str: 15    XL:     7   Next: 9%
Magic:  7/7        EV: 15    Int:  7    God:    Trog [**....]
Gold:   193        SH:  0    Dex: 16    Spells: 0 memorised, 6 levels left

rFire  . . .     SeeInvis .     a - +0 short sword
rCold  . . .     Clarity  .     p - +0 leather armour
rNeg   . . .     SustAt   +     (shield restricted)
rPois  .         Gourm    .     d - +0 helmet
rElec  .         Spirit   .     (no cloak)
rCorr  .         Warding  .     (no gloves)
rMut   .         Stasis   .     m - +0 pair of boots
MR     ++...                    (no amulet)
Stlth  +.........               (no ring)
                                g - ring of sustain attributes

@: lethally poisoned (0 -> 0), regenerating, very resistant to hostile
enchantments, very unstealthy
A: carnivore 3
a: Berserk, Trog's Hand, Burn Spellbooks, Renounce Religion


You were on level 3 of the Dungeon.
You worshipped Trog.
Trog was pleased with you.
You were very full.

You visited 1 branch of the dungeon, and saw 3 of its levels.

You collected 193 gold pieces.

Inventory:

Hand Weapons
 a - a +0 short sword (weapon)
Missiles
 e - 4 javelins
 v - 4 tomahawks of returning (quivered)
Armour
 d - a +0 helmet (worn)
 m - a +0 pair of boots (worn)
 p - a +0 leather armour (worn)
Jewellery
 g - a ring of sustain attributes (left hand)
Wands
 l - a wand of flame (24)
 u - a wand of random effects (20)
Scrolls
 f - 3 scrolls of identify
 j - 2 scrolls of remove curse {unknown}
 k - a scroll of blinking {unknown}
 n - a scroll of teleportation {unknown}
 o - a scroll of amnesia {unknown}
 q - a scroll of immolation {unknown}
 r - a scroll of recharging {unknown}
 s - a scroll of noise {unknown}
 w - a scroll of enchant armour {unknown}
Potions
 b - a potion of agility {unknown}
 h - a potion of heal wounds {unknown}
 i - a potion of degeneration {unknown}
 t - 2 potions of curing {unknown}
Comestibles
 c - a meat ration


   Skills:
 + Level 3.7 Fighting
 + Level 9.2 Short Blades
 - Level 1.5 Armour
 + Level 3.1 Dodging


You had 6 spell levels left.
You didn't know any spells.

Dungeon Overview and Level Annotations

Branches:
Dungeon (3/15)

Altars:
Okawaru


Innate Abilities, Weirdness & Mutations

You are small and have problems with some larger weapons.
You are carnivorous and can eat meat at any time.


Message History

You closely miss the orc.
The orc is severely wounded.
You feel sick. The orc hits you but does no damage. The orc wizard misses you.
You hit the orc wizard.
The orc wizard is lightly wounded.
The orc wizard gestures at you while chanting.
The magic dart hits you!
* * * LOW HITPOINT WARNING * * *
You closely miss the orc wizard.
The orc wizard is lightly wounded.
* * * LOW HITPOINT WARNING * * *
You feel sick. The orc hits you with a club.
* * * LOW HITPOINT WARNING * * *
Your skin crawls.
You feel resistant to hostile enchantments.
You feel slightly less full.
You feel sick. The orc wizard hits you with a dagger.
* * * LOW HITPOINT WARNING * * *
The orc wizard hits you with a dagger.
You die...

............)##.###........
#....#####....##...'........
#.... #.#########........
#.# #........ #.# #........
#.# #........ #.# ######...
.#####'######## #...
........@o.....# ####
.####...o......#
#..........# #..........#
#..........# #..........#
############


You could see an orc wizard and an orc.

Vanquished Creatures
  Sigmund (D:2)
  The ghost of flautines the Skirmisher, an amateur HuFi of Trog (D:3)
  Terence (D:2)
  5 adders
  3 worms (D:2)
  6 giant geckos
  9 orcs (D:3)
  A ball python (D:1)
  8 bats
  A giant cockroach (D:2)
  8 goblins
  4 hobgoblins
  3 kobolds
  7 giant newts
  A quokka (D:2)
  11 rats
70 creatures vanquished.

Notes
Turn   | Place    | Note
--------------------------------------------------------------
     0 | D:1      | DishwasherDemon the Kobold Berserker began the quest for the Orb.
     0 | D:1      | Reached XP level 1. HP: 14/14 MP: 1/1
    62 | D:1      | Reached XP level 2. HP: 17/19 MP: 2/2
   188 | D:1      | Reached skill level 5 in Short Blades
   557 | D:1      | Reached XP level 3. HP: 18/23 MP: 3/3
   652 | D:1      | Reached ** piety under Trog
  1204 | D:2      | Found an iron altar of Okawaru.
  1212 | D:2      | Noticed Terence
  1222 | D:2      | Killed Terence
  1222 | D:2      | Reached skill level 6 in Short Blades
  1222 | D:2      | Reached XP level 4. HP: 28/28 MP: 4/4
  1260 | D:2      | Noticed Sigmund
  1280 | D:2      | Killed Sigmund
  1280 | D:2      | Reached skill level 8 in Short Blades
  1280 | D:2      | Reached XP level 5. HP: 9/32 MP: 5/5
  1280 | D:2      | Reached XP level 6. HP: 10/37 MP: 6/6
  2218 | D:3      | Noticed flautines's ghost (amateur HuFi)
  2237 | D:3      | Killed flautines's ghost
  2237 | D:3      | Reached skill level 9 in Short Blades
  2429 | D:3      | Reached XP level 7. HP: 22/42 MP: 7/7
  3128 | D:3      | Slain by an orc wizard

Action                   |  1- 3 |  4- 6 |  7- 9 || total
-------------------------+-------+-------+-------++-------
Melee: Short sword       |   115 |   132 |    35 ||   282
Invok: Berserk           |     1 |     2 |     1 ||     4
       Trog's Hand       |       |     1 |     1 ||     2
  Use: Scroll            |       |       |     1 ||     1
 Stab: Sleeping          |     2 |       |       ||     2
       Distracted        |     1 |       |       ||     1
  Eat: Chunk             |     9 |     6 |     3 ||    18
